 Dungeon Crawl Stone Soup version 0.21.1-1-g345015fe64 (webtiles) character file.

2686 Kohma the Skirmisher (level 9, 0/72 HPs)
             Began as a Demonspawn Berserker on June 22, 2018.
             Was a Priest of Trog.
             Slain by an ogre
             ... wielding a +0 giant spiked club
              (23 damage)
             ... on level 6 of the Dungeon.
             The game lasted 00:17:03 (6188 turns).

Kohma the Skirmisher (Demonspawn Berserker)         Turns: 6188, Time: 00:17:04

Health: 0/72       AC: 20    Str: 21    XL:     9   Next: 38%
Magic:  9/9        EV:  8    Int: 13    God:    Trog [***...]
Gold:   275        SH:  4    Dex: 14    Spells: 8/8 levels left

rFire    . . .     SeeInvis .   a - +10 short sword "Ufuv" {elec, rElec rPois Str+2 Int+4}
rCold    + + .     Gourm    .   (no shield)
rNeg     . . .     Faith    .   v - +5 chain mail {rC+}
rPois    +         Spirit   .   (helmet restricted)
rElec    +         Reflect  .   w - +0 cloak
rCorr    .         Harm     .   o - +0 pair of gloves
MR       .....                  (no boots)
Stlth    ..........             (no amulet)
HPRegen  0.22/turn              t - +3 ring of protection
MPRegen  0.11/turn              p - ring of stealth

@: no status effects
A: antennae 2, large bone plates 1, cold resistance 1, nightstalker 1
a: Berserk, Trog's Hand, Burn Spellbooks, Renounce Religion


You were on level 6 of the Dungeon.
You worshipped Trog.
Trog was most pleased with you.
You were not hungry.

You visited 1 branch of the dungeon, and saw 6 of its levels.

You collected 275 gold pieces.

Inventory:

Hand Weapons
 a - the +10 short sword "Ufuv" (weapon) {elec, rElec rPois Str+2 Int+4}
   (You acquired it on level 5 of the Dungeon)

   Occasionally, upon striking a foe, it will discharge some electrical energy
   and cause terrible harm.
   It affects your strength (+2).
   It affects your intelligence (+4).
   It insulates you from electricity.
   It protects you from poison.
 e - a +3 dagger of flaming
Missiles
 k - 44 sling bullets
 l - 12 javelins (quivered)
 n - 80 bolts
Armour
 o - a +0 pair of gloves (worn)
 v - a +5 chain mail of cold resistance (worn)
 w - a +0 cloak (worn)
Jewellery
 p - a ring of stealth (right hand)
 t - a +3 ring of protection (left hand)
 u - an uncursed amulet of rage
Wands
 b - a wand of polymorph (7)
Scrolls
 f - 2 scrolls of remove curse
Potions
 g - a potion of heal wounds
 h - 5 potions of curing {unknown}
 i - a potion of agility {unknown}
 j - 2 potions of degeneration {unknown}
 m - a potion of mutation {unknown}
 q - a potion of invisibility {unknown}
 r - a potion of brilliance {unknown}
 s - 2 potions of lignification {unknown}
Comestibles
 c - 4 rations
 d - a chunk of flesh


   Skills:
 + Level 7.5 Fighting
 * Level 6.2(7.6) Short Blades
   Level 6.8(7.9) Long Blades
 + Level 4.7 Armour
 - Level 1.7 Dodging


You had 8 spell levels left.
You didn't know any spells.

Dungeon Overview and Level Annotations

Branches:
Dungeon (6/15)
 Temple: D:4-7

Altars:
Ashenzari
Gozag
Makhleb
Xom

Shops:
D:6 *


Innate Abilities, Weirdness & Mutations

You have a pair of antennae on your head.
You are partially covered in large bone plates. (SH +4)
Your flesh is cold resistant. (rC+)
You are slightly more attuned to the shadows.


Message History

You closely miss the bullfrog.
The bullfrog is severely wounded.
The ogre hits you with a giant spiked club!
The bullfrog hits you but does no damage.
You closely miss the bullfrog.
The bullfrog is severely wounded.
The bullfrog hits you.
You puncture the bullfrog!
You kill the bullfrog!
Trog accepts your kill.
The ogre hits you with a giant spiked club!
You puncture the ogre!
The ogre is moderately wounded.
You closely miss the ogre.
The ogre is moderately wounded.
The ogre hits you with a giant spiked club!!
You completely miss the ogre.
The ogre is moderately wounded.
The ogre hits you with a giant spiked club!!
You die...

######### ##.#
#....##.## ###.##
##.##..#..###..##
##...##..##.[..##
##.....#####.....#####
.#.......####..........
....._.....#..##...###.
###.......#.#.###..####.
##...@.##..# ##......
##.O†##..## ##.....
##.##..## ######
.......# .###...#######
## ###.......##
######...# ##..## ####
##..##


You could see an ogre.

Vanquished Creatures
  Pikel (D:5)
  The ghost of Engwar the Cleaver, a novice HOAK of Lugonu (D:5)
  Grinder (D:5)
  Eustachio (D:4)
  Duvessa (D:4)
  A sky beast (D:5)
  An orc warrior (D:6)
  A phantom (D:6)
  2 centaurs
  Blork the orc (D:4)
  A bullfrog (D:6)
  A scorpion (D:5)
  Dowan (D:4)
  A howler monkey (D:4)
  4 crimson imps
  A bullfrog zombie (D:5)
  A hound (D:5)
  A centaur skeleton (D:4)
  A jelly (D:5)
  3 orc wizards
  3 orc priests
  2 iguanas
  A worker ant (D:5)
  7 adders
  3 gnolls (D:5)
  2 shadow imps (D:5)
  5 worms
  A dart slug (D:3)
  2 leopard geckos
  14 orcs
  6 giant cockroaches
  6 hobgoblins
  6 bats
  2 frilled lizards (D:4)
  6 goblins
  2 kobolds
  A leopard gecko zombie (D:5)
  A quokka skeleton (D:4)
  5 rats
101 creatures vanquished.

Notes
Turn   | Place    | Note
-------+----------+-------------------------------------------
     0 | D:1      | Kohma the Demonspawn Berserker began the quest for the Orb.
     0 | D:1      | Reached XP level 1. HP: 18/18 MP: 1/1
   135 | D:1      | Gained mutation: You have a pair of small antennae on your head. [demonic ancestry]
   135 | D:1      | Reached XP level 2. HP: 16/24 MP: 2/2
   691 | D:2      | Gained mutation: Your flesh is cold resistant. (rC+) [demonic ancestry]
   691 | D:2      | Reached XP level 3. HP: 14/29 MP: 3/3
  1146 | D:2      | Reached ** piety under Trog
  1833 | D:2      | Found an opulent altar of Gozag.
  1907 | D:2      | Gained mutation: You are slightly more attuned to the shadows. [demonic ancestry]
  1907 | D:2      | Reached XP level 4. HP: 37/37 MP: 4/4
  2310 | D:3      | Reached skill level 4 in Fighting
  2335 | D:3      | Gained mutation: You have a pair of antennae on your head. [demonic ancestry]
  2335 | D:3      | Reached XP level 5. HP: 12/42 MP: 5/5
  2712 | D:3      | Found a shimmering altar of Xom.
  2733 | D:3      | Reached skill level 5 in Long Blades
  3049 | D:3      | Reached XP level 6. HP: 49/49 MP: 6/6
  3115 | D:4      | Noticed Duvessa
  3115 | D:4      | Noticed Dowan
  3127 | D:4      | HP: 1/49 [Duvessa/short sword (4)]
  3136 | D:4      | Killed Dowan
  3157 | D:4      | Killed Duvessa
  3157 | D:4      | Reached skill level 5 in Fighting
  3587 | D:4      | Reached XP level 7. HP: 55/56 MP: 7/7
  3680 | D:4      | Noticed Eustachio
  3738 | D:4      | Killed Eustachio
  3994 | D:4      | Noticed Blork the orc
  4017 | D:4      | Killed Blork the orc
  4478 | D:5      | Entered Level 5 of the Dungeon
  4499 | D:5      | Identified a scroll of acquirement
  4500 | D:5      | Got a warped short sword
  4501 | D:5      | Identified the +10 short sword "Ufuv" {elec, rElec rPois Str+2 Int+4} (You acquired it on level 5 of the Dungeon)
  4630 | D:5      | Reached skill level 1 in Short Blades
  4682 | D:5      | Noticed Grinder
  4693 | D:5      | Killed Grinder
  4693 | D:5      | Reached *** piety under Trog
  4693 | D:5      | Reached skill level 6 in Fighting
  4693 | D:5      | Gained mutation: You are partially covered in large bone plates. (SH +4) [demonic ancestry]
  4693 | D:5      | Reached XP level 8. HP: 47/64 MP: 8/8
  5003 | D:5      | Noticed Engwar's ghost (novice HOAK)
  5022 | D:5      | Killed Engwar's ghost
  5146 | D:5      | Noticed Pikel
  5151 | D:5      | Killed Pikel
  5151 | D:5      | Reached skill level 7 in Fighting
  5151 | D:5      | Reached skill level 5 in Short Blades
  5151 | D:5      | Reached XP level 9. HP: 72/72 MP: 9/9
  5512 | D:5      | Found a burning altar of Makhleb.
  5672 | D:6      | Found a shattered altar of Ashenzari.
  6112 | D:6      | Found Yshri Leu's Elemental Accessories.
  6188 | D:6      | Slain by an ogre

Skill      XL: |  1  2  3  4  5  6  7  8  9 |
---------------+----------------------------+-----
Long Blades    | 3 4 5 6 |  6.8
Fighting       | 4 5 6 7 |  7.5
Short Blades   | 2 5 6 |  6.2
Armour         | 2 4 |  4.7
Dodging        | |  1.7

Action                   |  1- 3 |  4- 6 |  7- 9 || total
-------------------------+-------+-------+-------++-------
Melee: Falchion          |   109 |   276 |    93 ||   478
       Short sword       |       |       |   126 ||   126
       Unarmed           |       |       |     6 ||     6
Invok: Berserk           |       |     1 |       ||     1
       Trog's Hand       |       |     1 |       ||     1
  Use: Scroll            |       |     6 |     4 ||    10
       Potion            |       |     2 |       ||     2
 Stab: Sleeping          |     1 |       |       ||     1
  Eat: Chunk             |     3 |     7 |     5 ||    15
       Ration            |       |       |     1 ||     1
Armor: Animal skin       |    11 |       |       ||    11
       Plate armour      |    35 |   192 |       ||   227
       Chain mail        |       |    14 |   109 ||   123
Dodge: Dodged            |    62 |    75 |    67 ||   204
Block: Other             |       |       |    13 ||    13
       Rpst.: Falchion   |    23 |    29 |    16 ||    68
